 Dungeon Crawl Stone Soup version 0.23.2-40-g277498a001 (webtiles) character file.

Game seed: 1525869556750808200

182 Dexcius the Firebug (level 5, -5/35 HPs)
             Began as a Demonspawn Fire Elementalist on Sept 24, 2019.
             Slain by a gnoll
             ... wielding a +0 spear
              (10 damage)
             ... on level 3 of the Dungeon.
             The game lasted 00:15:47 (2831 turns).

Dexcius the Firebug (Demonspawn Fire Elementalist)  Turns: 2831, Time: 00:15:48

Health: -5/35      AC:  4    Str:  9    XL:     5   Next: 34%
Magic:  0/9        EV: 12    Int: 17    God:
Gold:   107        SH:  0    Dex: 13    Spells: 5/9 levels left

rFire    . . .     SeeInvis .   (no weapon)
rCold    . . .     Gourm    .   (no shield)
rNeg     . . .     Faith    .   a - +1 robe
rPois    .         Spirit   .   (helmet restricted)
rElec    .         Reflect  .   (no cloak)
rCorr    .         Harm     .   (no gloves)
MR       .....                  j - +0 pair of boots
Stlth    +++.......             (no amulet)
HPRegen  0.11/turn              (no ring)
MPRegen  0.11/turn              (no ring)

@: no status effects
A: antennae 1, claws 2, nightstalker 1
a: no special abilities


You were on level 3 of the Dungeon.
You were not hungry.

You visited 1 branch of the dungeon, and saw 3 of its levels.

You collected 107 gold pieces.

Inventory:

Hand Weapons
 f - a +0 dagger
 g - a +0 club
Armour
 a - a +1 robe (worn)
 j - a +0 pair of boots (worn)
Scrolls
 e - 2 scrolls of remove curse
 l - 4 scrolls of enchant weapon {unknown}
 m - a scroll of identify
Potions
 b - 2 potions of lignification {unknown}
 c - a potion of flight {unknown}
 d - a potion of might {unknown}
 h - 2 potions of brilliance {unknown}
 i - 3 potions of invisibility {unknown}
 k - a potion of degeneration {unknown}
Comestibles
 n - 4 rations


   Skills:
 + Level 0.1 Fighting
 + Level 0.5 Maces & Flails
 + Level 2.2 Dodging
 + Level 2.3 Stealth
 + Level 2.9 Spellcasting
 + Level 1.9 Conjurations
 + Level 4.2 Fire Magic


You had 5 spell levels left.
You knew the following spells:

 Your Spells              Type           Power        Failure   Level  Hunger
a - Flame Tongue          Conj/Fire      ##...        4%          1    None
b - Conjure Flame         Conj/Fire      ##......     16%         3    ###....

Your spell library contained the following spells:

 Spells                   Type           Power        Failure   Level  Hunger
 Throw Flame              Conj/Fire      ##....       8%          2    ##.....
 Inner Flame              Hex/Fire       #.......     22%         3    ###....
 Sticky Flame             Conj/Fire      ##......     45%         4    ####...
 Fireball                 Conj/Fire      ##........   80%         5    ######.


Dungeon Overview and Level Annotations

Branches:
Dungeon (3/15)

Altars:
Nemelex Xobeh


Innate Abilities, Weirdness & Mutations

You have a pair of small antennae on your head.
You have very sharp fingernails.
You are slightly more attuned to the shadows.


Message History

The gnoll is almost dead.
The gnoll barely misses you. The gnoll hits you with a +3 spear.
You completely miss the gnoll.
The gnoll is almost dead.
The gnoll closely misses you. The gnoll hits you but does no damage.
You scratch the gnoll.
You kill the gnoll!
The gnoll hits you from afar with a +0 spear.
* * * LOW HITPOINT WARNING * * *
Casting: Flame Tongue (safe; 4% risk of failure)
Confirm with . or Enter, or press ? or * to list all spells.
Aiming: Flame Tongue (safe; 4% risk of failure)
Press: ? - help, Shift-Dir - straight line, f - gnoll
Aim: a gnoll, wielding a +0 spear The flame tongue hits the gnoll.
The gnoll is lightly wounded.
The gnoll closely misses you.
Your magical contamination has completely faded away.
The gnoll hits you with a +0 spear!
You die...

#.# #....# #.# #....#
##'###....#
##......†..################
##.........................
##...>.....................
.......#############.......
.......# ##########.#####.
.......# #.....@gg.....#
.......# #.########..#.#
##.....# #....# ......##
#..### ####### #..# ##
#..g..gg# .# #.#####.# .#
... .####..... ##.#


You could see 2 gnolls.

Vanquished Creatures
  2 bullfrog skeletons (D:2)
  2 gnolls (D:3)
  4 adders
  2 oozes
  A leopard gecko (D:1)
  2 orcs (D:3)
  A ball python (D:1)
  6 bats (D:1)
  6 giant cockroaches
  9 goblins
  10 hobgoblins
  4 kobolds
  A quokka (D:2)
  3 frilled lizards
  4 rats
57 creatures vanquished.

Notes
Turn   | Place    | Note
-------+----------+-------------------------------------------
     0 | D:1      | Dexcius the Demonspawn Fire Elementalist began the quest
                  | for the Orb.
     0 | D:1      | Reached XP level 1. HP: 13/13 MP: 3/3
   128 | D:1      | Reached skill level 3 in Fire Magic
   460 | D:1      | Gained mutation: You are slightly more attuned to the
                  | shadows. [demonic ancestry]
   460 | D:1      | Reached XP level 2. HP: 19/19 MP: 0/5
   848 | D:1      | Gained mutation: You have a pair of small antennae on your
                  | head. [demonic ancestry]
   848 | D:1      | Reached XP level 3. HP: 24/24 MP: 3/6
  1322 | D:2      | Gained mutation: You have sharp fingernails. [demonic
                  | ancestry]
  1322 | D:2      | Reached XP level 4. HP: 18/30 MP: 0/7
  2079 | D:2      | Learned a level 3 spell: Conjure Flame
  2518 | D:3      | Found a sparkling altar of Nemelex Xobeh.
  2529 | D:3      | Reached skill level 4 in Fire Magic
  2529 | D:3      | Gained mutation: You have very sharp fingernails. [demonic
                  | ancestry]
  2529 | D:3      | Reached XP level 5. HP: 35/35 MP: 5/9
  2831 | D:3      | Slain by a gnoll

Skill      XL: |  1  2  3  4 |
---------------+-------------+-----
Fire Magic     | 3 4 |  4.2
Stealth        | 2 |  2.3
Dodging        | 2 |  2.2
Fighting       | |  0.1
Maces & Flails | |  0.5
Spellcasting   | |  2.9
Conjurations   | |  1.9

Action                   |  1- 3 |  4- 6 || total
-------------------------+-------+-------++-------
Melee: Dagger            |     8 |       ||     8
       Club              |     6 |       ||     6
       Unarmed           |       |     9 ||     9
 Cast: Flame Tongue      |    50 |    58 ||   108
       Conjure Flame     |       |     1 ||     1
  Use: Scroll            |       |     4 ||     4
  Eat: Ration            |     1 |     1 ||     2
Armor: Robe              |     7 |     9 ||    16
Dodge: Dodged            |    17 |    19 ||    36
